 Dungeon Crawl Stone Soup version 0.29.1-1-gd02db69 (webtiles) character file.

Game seed: 12102609895185960204

34959 Dorkslayer the Protected (level 13, -6/114 HPs)
             Began as a Hill Orc Fighter on Oct 18, 2022.
             Was an Initiate of Gozag.
             Drowned by a quicksilver ooze (8 damage)
             ... in an ice cave.
             The game lasted 00:51:07 (11353 turns).

Dorkslayer the Protected (Hill Orc Fighter)        Turns: 11353, Time: 00:51:08

Health: -6/114     AC: 19    Str: 28    XL:     13   Next: 80%
Magic:  0/13       EV:  8    Int: 11    God:    Gozag
Gold:   1084       SH: 13    Dex: 18    Spells: 12/12 levels left

rFire   . . .      SeeInvis .   g - +6 broad axe (elec)
rCold   + . .      Faith    .   f - +1 kite shield
rNeg    . . .      Spirit   .   i - +3 plate armour {rC+}
rPois   .          Reflect  .   (no helmet)
rElec   .          Harm     .   j - +0 cloak
rCorr   +          Rampage  .   (no gloves)
Will    .....                   (no boots)
Stlth   ..........              F - amulet of regeneration
HPRegen 1.09/turn               N - +6 ring of strength
MPRegen 0.13/turn               t - ring of Vampiric Thralls {rCorr Int+3 Dex+6}

@: engulfed (cannot breathe)
A: no striking features
a: Renounce Religion, Potion Petition, Call Merchant, Bribe Branch


You were in an ice cave.
You worshipped Gozag.
Gozag was most pleased with you.
You visited 3 branches of the dungeon, and saw 14 of its levels.
You also visited: Ice Cave.

You collected 3327 gold pieces.
You spent 1588 gold pieces at shops.
You paid 655 gold pieces to Gozag.

Inventory:

Hand Weapons
 g - a +6 broad axe of electrocution (weapon)
 m - the +10 hand axe "Sezeske" {flame, rN+ Int+4 Dex-4}
   (You found it on level 1 of the Orcish Mines)

   It burns those it strikes, dealing additional fire damage.
   Big, fiery blades are also staple armaments of hydra-hunters.
   Int:       It affects your intelligence (+4).
   Dex:       It affects your dexterity (-4).
   rN:        It protects you from negative energy.
 y - the +7 hammer "Goan" {vorpal, Fly rF++}
   (You found it on level 3 of the Dungeon)

   It inflicts extra damage upon your enemies.
   rF:        It greatly protects you from fire.
   Fly:       It grants you flight.
Missiles
 d - 2 throwing nets (quivered)
 l - a curare-tipped dart
 s - 3 javelins
 E - 14 boomerangs
Armour
 f - a +1 kite shield (worn)
 i - a +3 plate armour of cold resistance (worn)
 j - a +0 cloak (worn)
Jewellery
 t - the ring of Vampiric Thralls (right hand) {rCorr Int+3 Dex+6}
   (You bought it in a shop on level 1 of the Orcish Mines)

   [ring of dexterity]

   Int:       It affects your intelligence (+3).
   Dex:       It affects your dexterity (+6).
   rCorr:     It protects you from acid and corrosion.
 F - an amulet of regeneration (around neck)
 N - a +6 ring of strength (left hand)
Wands
 k - a wand of digging (11)
 z - a wand of polymorph (2)
 J - a wand of paralysis (12)
 M - a wand of flame (6)
Scrolls
 q - 3 scrolls of butterflies
 w - a scroll of summoning
 H - a scroll of amnesia
Potions
 a - 7 potions of ambrosia
 b - 2 potions of flight
 c - 3 potions of curing
 e - 4 potions of lignification {unknown}
 h - a potion of haste {unknown}
 o - a potion of cancellation
 v - 3 potions of mutation {unknown}
 x - a potion of brilliance
 D - a potion of resistance
 K - 2 potions of attraction {unknown}
Miscellaneous
 n - a phial of floods


   Skills:
 * Level 10.5 Fighting
 + Level 7.8(10.7) Axes
 + Level 9.6(10.5) Maces & Flails
 + Level 6.5 Throwing
 + Level 11.4 Armour
 + Level 3.4 Dodging
 + Level 4.3 Stealth
 + Level 9.0 Shields
 * Level 10.1 Evocations


You had 12 spell levels left.
You didn't know any spells.
Your spell library contained the following spells:

 Spells                   Type           Power      Damage    Failure   Level
 Blink                    Tloc           0%         N/A       100%        2
 Poisonous Vapours        Pois/Air       0%         N/A       100%        2
 Gell's Gravitas          Tloc           0%         N/A       100%        3
 Ignite Poison            Fire/Tmut/Pois 0%         N/A       100%        3
 Inner Flame              Hex/Fire       0%         N/A       100%        3
 Lesser Beckoning         Tloc           0%         N/A       100%        3
 Mephitic Cloud           Conj/Pois/Air  0%         N/A       100%        3
 Teleport Other           Tloc           0%         N/A       100%        3
 Cause Fear               Hex            0%         N/A       100%        4
 Summon Ice Beast         Ice/Summ       0%         N/A       100%        4
 Freezing Cloud           Conj/Ice/Air   0%         6-21      100%        5
 Manifold Assault         Tloc           0%         N/A       100%        5
 Summon Mana Viper        Hex/Summ       0%         N/A       100%        5
 Dispersal                Tloc           0%         N/A       100%        6
 Dragon Form              Tmut           0%         N/A       100%        7
 Monstrous Menagerie      Summ           0%         N/A       100%        7
 Discord                  Hex            0%         N/A       100%        8
 Dragon's Call            Summ           0%         N/A       100%        9
 Corpse Rot               Necr/Pois/Air  Unusable   N/A       N/A         4

Dungeon Overview and Level Annotations

Branches:
Dungeon (11/15)            Temple (1/1) D:7            Lair (0/5) D:9
    Orc (2/2) D:11            Elf (0/3) Orc:2         IceCv (1/1)

Altars:
Dithmenos
Elyvilon
Gozag
Hepliaklqana
Makhleb
Okawaru
Sif Muna
Trog
Vehumet
Wu Jian
Yredelemnul
Zin
Beogh

Shops:
D:5 (   Orc:1 :=

Annotations:
IceCv exclusion: ice statue


Message History

The slime creature simulacrum hits your slime creature.
The slime creature simulacrum freezes your slime creature!!
You slip free of the ooze engulfing you.
You gasp with relief as air once again reaches your lungs.
Two slime creatures merge to form a large slime creature.
Your slime creature hits the quicksilver ooze!
Unknown command.
Your glowing shapeshifter simulacrum hits the slime creature simulacrum.
Your glowing shapeshifter simulacrum freezes the slime creature simulacrum.
The slime creature simulacrum completely resists.
The quicksilver ooze hits you!
* * * LOW HITPOINT WARNING * * *
The quicksilver ooze engulfs you! The quicksilver ooze hits you.
* * * LOW HITPOINT WARNING * * *
You feel your power leaking away.
Your slime creature hits the slime creature simulacrum!
Drinking this now will have no effect.
You slash the quicksilver ooze!
The quicksilver ooze is heavily wounded.
* * * LOW HITPOINT WARNING * * *
Your lungs strain for air!
The quicksilver ooze hits you!
* * * LOW HITPOINT WARNING * * *
The quicksilver ooze hits you but does no damage.
Your shapeshifter simulacrum hits the quicksilver ooze but does no damage.
The slime creature simulacrum hits your shapeshifter simulacrum.
The slime creature simulacrum freezes your shapeshifter simulacrum.
Your shapeshifter simulacrum completely resists.
Your glowing shapeshifter simulacrum hits the slime creature simulacrum.
Your glowing shapeshifter simulacrum freezes the slime creature simulacrum.
The slime creature simulacrum completely resists.
The quicksilver ooze hits you.
* * * LOW HITPOINT WARNING * * *
You block the quicksilver ooze's attack.
A large slime creature splits.
Unknown command.
You miss the quicksilver ooze.
The quicksilver ooze is heavily wounded.
You die...
Your body crumbles into a pile of gold.

##### ##.∩.##
#..∩..# ##...##
##.## ##.##
####...####
####J@.......####
###.ZZJJ#####.$...#
#..Z.J### ####....#
#....#### #...#
#.....### ...
.....# . ....# ...8
...


You could see a quicksilver ooze (ally target), a slime creature simulacrum
(ally target), 3 friendly slime creatures, a friendly shapeshifter simulacrum
(summoned) and a friendly glowing shapeshifter simulacrum (summoned).

Vanquished Creatures
  2 orc warlords (Orc:1)
  Harold (Orc:1)
  A hydra (D:11)
  Erica (D:8)
  4 two-headed ogres
  An orc high priest (Orc:1)
  Amaemon (D:8)
  The ghost of Lemonspray55555 the Magician, a novice DgFE (D:7)
  Pikel (D:8)
  2 orc knights (Orc:1)
  2 orc sorcerers (Orc:1)
  2 cyclopes
  Maurice (D:8)
  An orange demon (D:8)
  A kobold demonologist (D:11)
  2 rime drakes (Orc:2)
  2 komodo dragons
  5 trolls
  3 hornets
  Grinder (D:4)
  A shadow (D:11)
  14 yaks (D:10)
  Sigmund (D:3)
  A wyvern (D:8)
  6 wargs
  A steam dragon (D:9)
  2 acid dragons
  A water moccasin (D:8)
  31 orc warriors
  2 sky beasts
  A black bear (D:8)
  An ice beast (D:7)
  10 centaurs
  10 ogres
  2 slime creature simulacra (IceCv)
  A kobold brigand (D:9)
  2 bullfrogs
  A necrophage (D:6)
  2 glowing shapeshifter simulacra (IceCv)
  2 scorpions
  13 wights
  11 killer bees (D:7)
  A howler monkey (D:9)
  3 jellies
  14 orc priests
  A hound (D:7)
  Crazy Yiuf (D:3)
  Jessica (D:3)
  7 iguanas
  23 orc wizards
  A mummy (D:4)
  8 adders
  15 gnolls
  A shadow imp (D:5)
  3 white imps
  A howler monkey simulacrum (D:9)
  An ufetubus (D:6)
  A worm (D:5)
  4 dart slugs
  79 orcs
  5 endoplasms
  6 giant cockroaches
  9 goblins
  7 hobgoblins
  4 jackals (D:1)
  4 quokkas
  4 ball pythons
  5 bats
  2 frilled lizards (D:2)
  2 hobgoblin zombies (D:4)
  7 kobolds
  2 orc zombies (D:4)
  2 rats
375 creatures vanquished.

Vanquished Creatures (others)
  2 orcs
  4 fungi (D:7)
  5 plants (D:9)
  3 toadstools (D:7)
14 creatures vanquished.

Grand Total: 389 creatures vanquished

Notes
Turn   | Place    | Note
-------+----------+-------------------------------------------
     0 | D:1      | Dorkslayer the Hill Orc Fighter began the quest for the
                  | Orb.
     0 | D:1      | Reached XP level 1. HP: 19/19 MP: 1/1
   221 | D:1      | Reached XP level 2. HP: 22/27 MP: 2/2
   472 | D:1      | Reached XP level 3. HP: 29/33 MP: 3/3
   959 | D:1      | Found a faded altar of an unknown god.
  1325 | D:2      | Reached XP level 4. HP: 40/40 MP: 4/4
  1525 | D:3      | Noticed Jessica
  1531 | D:3      | Killed Jessica
  1532 | D:3      | Reached skill level 4 in Armour
  1699 | D:3      | Reached XP level 5. HP: 36/46 MP: 5/5
  1922 | D:3      | Noticed Sigmund
  1936 | D:3      | Killed Sigmund
  1937 | D:3      | Reached skill level 5 in Axes
  1937 | D:3      | Reached skill level 1 in Evocations
  1937 | D:3      | Reached XP level 6. HP: 34/53 MP: 6/6
  2057 | D:3      | Identified the +7 hammer "Goan" {vorpal, Fly rF++}
  2067 | D:3      | Found a runed translucent door.
  2067 | D:3      | Noticed Crazy Yiuf
  2076 | D:3      | Killed Crazy Yiuf
  2282 | D:3      | Identified the +1 leather armour of the Sun {Int+4}
  2417 | D:4      | Noticed Grinder
  2424 | D:4      | Killed Grinder
  2425 | D:4      | Reached skill level 1 in Maces & Flails
  2425 | D:4      | Reached XP level 7. HP: 41/60 MP: 7/7
  2850 | D:4      | Reached skill level 5 in Armour
  3359 | D:5      | Entered Level 5 of the Dungeon
  3366 | D:5      | Found Xykhlaxkalu's Weapon Shop.
  3369 | D:5      | Bought 6 curare-tipped darts for 43 gold pieces
  3382 | D:5      | Reached skill level 1 in Dodging
  3440 | D:5      | Found a shimmering blue altar of Sif Muna.
  3477 | D:5      | Reached skill level 5 in Fighting
  3608 | D:5      | Found a hazy altar of Hepliaklqana.
  3686 | D:5      | Reached skill level 1 in Throwing
  3686 | D:5      | Reached XP level 8. HP: 57/68 MP: 8/8
  4137 | D:6      | Reached skill level 6 in Armour
  4414 | D:6      | Reached skill level 5 in Shields
  4777 | D:6      | Reached XP level 9. HP: 74/74 MP: 9/9
  5007 | D:7      | Found a transporter.
  5233 | D:7      | Reached skill level 7 in Armour
  5431 | D:7      | Found a transporter.
  5431 | D:7      | Noticed Lemonspray55555's ghost (novice DgFE)
  5435 | D:7      | Noticed a hornet
  5541 | D:7      | Found a staircase to the Ecumenical Temple.
  5550 | Temple   | Entered the Ecumenical Temple
  5613 | Temple   | Became a worshipper of Gozag Ym Sagoz the Greedy
  5729 | D:7      | Found a shadowy altar of Dithmenos.
  5834 | D:7      | Killed Lemonspray55555's ghost
  5835 | D:7      | Reached skill level 5 in Maces & Flails
  5845 | D:7      | Killed a hornet
  5846 | D:7      | Reached skill level 1 in Stealth
  5848 | D:7      | Reached skill level 5 in Evocations
  6005 | D:8      | Noticed Maurice
  6008 | D:8      | Paralysed by Maurice for 3 turns
  6011 | D:8      | Killed Maurice
  6012 | D:8      | Reached skill level 8 in Armour
  6012 | D:8      | Reached XP level 10. HP: 84/84 MP: 10/10
  6218 | D:8      | Found a basalt altar of Yredelemnul.
  6218 | D:8      | Noticed an orange demon
  6220 | D:8      | Noticed Amaemon
  6236 | D:8      | Killed an orange demon
  6343 | D:8      | Noticed Erica
  6351 | D:8      | Killed Erica
  6407 | D:8      | Killed Amaemon
  6408 | D:8      | Reached skill level 9 in Armour
  6495 | D:8      | Noticed Pikel
  6501 | D:8      | Killed Pikel
  6502 | D:8      | Reached XP level 11. HP: 87/92 MP: 11/11
  6891 | D:9      | Reached skill level 5 in Throwing
  6970 | D:9      | Found a radiant altar of Vehumet.
  7089 | D:9      | Noticed a two-headed ogre
  7091 | D:9      | Noticed a two-headed ogre
  7115 | D:9      | Killed a two-headed ogre
  7118 | D:9      | Killed a two-headed ogre
  7228 | D:9      | Identified the +4 robe of Limited Liability {rElec rF+++
                  | Str-2 Stlth+}
  7544 | D:9      | Found a staircase to the Lair.
  7591 | D:10     | Entered Level 10 of the Dungeon
  7697 | D:10     | Found a burning altar of Makhleb.
  7698 | D:10     | Found an ornate altar of the Wu Jian Council.
  7747 | D:10     | Noticed a two-headed ogre
  7763 | D:10     | Killed a two-headed ogre
  7912 | D:10     | Reached skill level 10 in Armour
  8187 | D:10     | Reached XP level 12. HP: 103/103 MP: 12/12
  8299 | D:11     | Noticed a seven-headed hydra
  8308 | D:11     | Killed a seven-headed hydra
  8309 | D:11     | Reached XP level 13. HP: 56/111 MP: 13/13
  8542 | D:11     | Found a staircase to the Orcish Mines.
  8549 | D:11     | Found a roughly hewn altar of Beogh.
  8675 | D:11     | Found an ornate altar of the Wu Jian Council.
  8708 | D:11     | Reached skill level 11 in Armour
  9515 | Orc:1    | Entered Level 1 of the Orcish Mines
  9515 | Orc:1    | Found Inan's Book Shop.
 10069 | Orc:1    | Noticed Harold
 10089 | Orc:1    | Killed Harold
 10168 | Orc:1    | Reached skill level 10 in Fighting
 10238 | Orc:1    | Bought the ring of Vampiric Thralls {rCorr Int+3 Dex+6} for
                  | 933 gold pieces
 10238 | Orc:1    | Bought a +6 ring of strength for 612 gold pieces
 10323 | Orc:1    | Noticed an orc warlord
 10338 | Orc:1    | Killed an orc warlord
 10653 | Orc:1    | Reached skill level 10 in Evocations
 10880 | Orc:1    | Identified the +10 hand axe "Sezeske" {flame, rN+ Int+4
                  | Dex-4}
 10883 | Orc:1    | Noticed an orc warlord
 10929 | Orc:1    | Killed an orc warlord
 11030 | Orc:1    | Paralysed by an orc sorcerer for 3 turns
 11144 | Orc:1    | Identified the +1 robe "Zigaot" {rPois rN+ Will++ Str-3}
 11190 | Orc:2    | Entered Level 2 of the Orcish Mines
 11245 | Orc:2    | Found a frozen archway.
 11278 | IceCv    | Entered an ice cave
 11339 | IceCv    | Noticed a quicksilver ooze
 11352 | IceCv    | HP: 3/114 [quicksilver ooze (14)]
 11353 | IceCv    | Drowned by a quicksilver ooze

Illustrated notes

Levels and vault maps discovered:
D:1:      dpeg_cavernosity, layout_basic, ebering_ecumenical_altar_mist,
          minmay_small_reverse_x
D:2:      layout_rooms, serial_glass, glass_columns_a, glass_columns_a
D:3:      layout_rooms, uniq_jessica, uniq_crazy_yiuf_cottage, uniq_sigmund
D:4:      nicolae_cairo_tiling, layout_basic, minmay_mini_ossuary, uniq_grinder
D:5:      layout_basic, kennysheep_mini_moat, mainiacjoe_overflow_alcove_1,
          serial_shops, shop
D:6:      layout_basic
D:7:      layout_loops_cross, kennysheep_little_box,
          minmay_temple_entry_antechambers, gammafunk_ghost_hive,
          minmay_gold_behind_fungi
D:8:      layout_loops_ring, lemuel_round_altar, corexii_hall_statues_s,
          due_unseen_surprise, uniq_erica, uniq_pikel, uniq_maurice,
          uniq_amaemon
D:9:      layout_basic, overflow_temple_1_default, david_lair_shrubbed,
          lightli_fourway_metalbox
D:10:     layout_basic, gammafunk_temple_overflow_pools,
          minmay_misc_feat_pillars, minmay_holes
D:11:     layout_grid_maze, minmay_orc_entry_temple_small,
          pdpol_wu_jian_five_deadly_venoms
Temple:   regret_index_temple_generic_petals
Orc:1:    layout_caves, serial_shops, nicolae_shop_waterfront,
          minmay_orc_treasury, uniq_harold
Orc:2:    kennysheep_orc_mage_school, layout_caves, portal_ice_cave_rime,
          lightli_orcish_oven
IceCv:    ice_cave_hellmonk_azure_passage

Skill      XL: |  1  2  3  4  5  6  7  8  9 10 11 12 13 |
---------------+----------------------------------------+-----
Axes           | 3 4 5 6 7 |  7.8
Fighting       | 4 5 6 7 8 9 10 | 10.5
Armour         | 4 5 6 8 9 10 11 | 11.4
Shields        | 4 5 6 8 9 |  9.0
Evocations     | 1 2 4 5 6 8 9 10 | 10.1
Maces & Flails | 1 2 4 5 6 8 9 |  9.6
Dodging        | 1 3 |  3.4
Throwing       | 1 2 3 4 6 |  6.5
Stealth        | 1 2 3 4 |  4.3

Action                   |  1- 3 |  4- 6 |  7- 9 | 10-12 | 13-15 || total
-------------------------+-------+-------+-------+-------+-------++-------
Melee: War axe           |    99 |    56 |       |       |       ||   155
       Mace              |       |    18 |   258 |   241 |   231 ||   748
       Broad axe         |       |       |       |       |   117 ||   117
Throw: Dart              |       |       |       |    28 |     9 ||    37
       Javelin           |       |       |       |    22 |    19 ||    41
       Boomerang         |       |       |       |       |     6 ||     6
       Throwing net      |       |       |       |       |     2 ||     2
Invok: Call Merchant     |       |       |       |       |     1 ||     1
Evoke: Wand              |       |     1 |     6 |     7 |     8 ||    22
  Use: Scroll            |       |     5 |     3 |    13 |     6 ||    27
       Potion            |       |       |     2 |     8 |     5 ||    15
 Stab: Invisible         |       |       |     3 |     4 |    12 ||    19
       Paralysed         |       |       |       |     5 |     9 ||    14
       Distracted        |       |       |       |     1 |     4 ||     5
       Held in net/web   |       |       |       |       |     3 ||     3
Armor: Scale mail        |    43 |       |       |       |       ||    43
       Chain mail        |    15 |    35 |   170 |    74 |       ||   294
       Plate armour      |       |       |       |    51 |   153 ||   204
Dodge: Dodged            |    44 |    11 |   106 |    64 |   109 ||   334
Block: Kite shield       |    54 |    35 |   150 |   137 |   231 ||   607
